 Dungeon Crawl Stone Soup version 0.29.1-12-g30fa7ad0bf (webtiles) character file.

Game seed: 11431648221668026288

98072 wormed the Nimble (level 16, -9/125 HPs)
             Began as a Gnoll Wanderer on Dec 27, 2022.
             Was a High Priest of Vehumet.
             Drowned by a water nymph (11 damage)
             ... on level 1 of the Shoals.
             The game lasted 01:24:16 (27089 turns).

wormed the Nimble (Gnoll Wanderer)                 Turns: 27089, Time: 01:24:17

Health: -9/125     AC: 16    Str: 25    XL:     16   Next: 21%
Magic:  19/31      EV: 22    Int: 15    God:    Vehumet [*****.]
Gold:   1715       SH:  7    Dex: 19    Spells: 5/37 levels left

rFire   . . .      SeeInvis .   v - +10 flail "Cezir" {flame, rElec rCorr Str+6}
rCold   . . .      Faith    .   q - +0 buckler
rNeg    . . .      Spirit   .   P - +0 troll leather armour
rPois   .          Reflect  .   b - +0 hat "Xiesch" {Str+7}
rElec   +          Harm     .   y - +2 cloak
rCorr   +          Rampage  .   C - +2 pair of gloves {Str+3}
Will    ++...                   m - +0 pair of boots
Stlth   +++++.....              J - amulet of magic regeneration
HPRegen 1.10/turn               l - ring of flight
MPRegen 0.62/turn               x - ring of willpower

@: flying, hasted, very quick
A: fangs 1, strong nose, distributed training, horns 1, iridescent scales 1
a: Renounce Religion


You were on level 1 of the Shoals.
You worshipped Vehumet.
Vehumet was extremely pleased with you.
You visited 4 branches of the dungeon, and saw 23 of its levels.

You collected 2400 gold pieces.
You spent 685 gold pieces at shops.

Inventory:

Hand Weapons
 v - the +10 flail "Cezir" (weapon) {flame, rElec rCorr Str+6}
   (You found it on level 3 of the Dungeon)

   It burns those it strikes, dealing additional fire damage.
   Str:       It affects your strength (+6).
   rElec:     It insulates you from electricity.
   rCorr:     It protects you from acid and corrosion.
Missiles
 A - 5 javelins
Armour
 b - the +0 hat "Xiesch" (worn) {Str+7}
   (You found it on level 9 of the Dungeon)

   Str:       It affects your strength (+7).
 m - a +0 pair of boots (worn)
 q - a +0 buckler (worn)
 y - a +2 cloak (worn)
 C - a +2 pair of gloves of strength (worn)
 K - +0 fire dragon scales
 P - a +0 troll leather armour (worn)
Jewellery
 l - a ring of flight (left hand)
 t - a +4 ring of protection
 x - a ring of willpower (right hand)
 I - a ring of willpower
 J - an amulet of magic regeneration (around neck)
 Q - a ring of protection from fire
 U - a +4 ring of protection
Wands
 a - a wand of iceblast (28) (quivered)
 f - a wand of flame (28)
 p - a wand of paralysis (13)
 w - a wand of acid (4)
 F - a wand of mindburst (21)
 L - a wand of polymorph (2)
Scrolls
 d - 8 scrolls of teleportation
 e - 3 scrolls of butterflies
 g - 2 scrolls of enchant armour
 h - 5 scrolls of amnesia
 i - 2 scrolls of summoning
 j - 8 scrolls of enchant weapon
 n - 4 scrolls of fear
 o - a scroll of identify
 r - 4 scrolls of brand weapon
 E - 3 scrolls of magic mapping
 G - 7 scrolls of immolation
 R - a scroll of silence
 V - 3 scrolls of torment
 W - 5 scrolls of vulnerability
Potions
 c - 11 potions of curing
 k - 3 potions of attraction
 s - 5 potions of flight
 u - 3 potions of ambrosia
 B - 2 potions of invisibility
 H - a potion of mutation
 N - 2 potions of magic
 O - a potion of berserk rage
 S - 7 potions of lignification
 T - 2 potions of might
 Y - 2 potions of brilliance
 Z - 2 potions of haste
Miscellaneous
 D - a tin of tremorstones (2/2)


   Skills:
 + Level 11.1 Fighting
 + Level 11.1 Short Blades
 + Level 11.1 Long Blades
 + Level 11.1 Axes
 + Level 12.0 Maces & Flails
 + Level 11.1 Polearms
 + Level 11.1 Staves
 + Level 11.1 Ranged Weapons
 + Level 11.1 Throwing
 + Level 11.1 Armour
 + Level 14.9 Dodging
 + Level 11.1 Stealth
 + Level 11.1 Shields
 + Level 11.1 Unarmed Combat
 + Level 11.4 Spellcasting
 + Level 9.3 Conjurations
 + Level 9.3 Hexes
 + Level 9.3 Summonings
 + Level 9.3 Necromancy
 + Level 9.3 Translocations
 + Level 9.3 Transmutations
 + Level 9.3 Fire Magic
 + Level 9.3 Ice Magic
 + Level 9.3 Air Magic
 + Level 9.3 Earth Magic
 + Level 9.3 Poison Magic
 + Level 12.3 Invocations
 + Level 11.4 Evocations


You had 5 spell levels left.
You knew the following spells:

 Your Spells              Type           Power      Damage    Failure   Level
a - Wereblood             Tmut           36%        N/A       1%          2
b - Poisonous Vapours     Pois/Air       72%        N/A       1%          2
c - Olgreb's Toxic Radia  Pois           36%        N/A       1%          4
d - Iron Shot             Conj/Erth      18%        9d4       11%         6
e - Inner Flame           Hex/Fire       36%        N/A       1%          3
f - Foxfire               Conj/Fire      100%       2x1d9     1%          1
g - Irradiate             Conj/Tmut      18%        3d17      1%          5
h - Lee's Rapid Deconstr  Erth           18%        3d12*     1%          5
i - Airstrike             Air            18%        2d(3-19)  1%          4

Your spell library contained the following spells:

 Spells                   Type           Power      Damage    Failure   Level
 Magic Dart               Conj           100%       1d8       1%          1
 Sting                    Tmut/Pois      100%       1d8       1%          1
 Scorch                   Fire           72%        2d9       1%          2
 Searing Ray              Conj           72%        2d7       1%          2
 Sublimation of Blood     Necr           36%        N/A       1%          2
 Dazzling Flash           Conj/Hex       72%        N/A       1%          3
 Flame Wave               Conj/Fire      36%        2d10      1%          4
 Fulminant Prism          Conj/Hex       18%        3d11      1%          4
 Iskenderun's Mystic Bla  Conj/Tloc      36%        2d9       1%          4
 Cause Fear               Hex            18%        N/A       2%          4
 Corpse Rot               Necr/Pois/Air  36%        N/A       2%          4
 Dispel Undead            Necr           36%        3d15      2%          4
 Petrify                  Tmut/Erth      36%        N/A       2%          4
 Agony                    Necr           36%        N/A       7%          5
 Silence                  Hex/Air        18%        N/A       7%          5
 Starburst                Conj/Fire      18%        6d7       11%         6
 Death Channel            Necr           18%        N/A       36%         6
 Summon Cactus Giant      Summ           18%        N/A       36%         6
 Summon Hydra             Summ           18%        N/A       90%         7
 Discord                  Hex            18%        N/A       100%        8


Dungeon Overview and Level Annotations

Branches:
Dungeon (15/15)            Temple (0/1) D:6            Lair (5/5) D:8
 Shoals (1/4) Lair:3       Spider (0/4) Lair:3        Slime (0/5) Lair:4
    Orc (2/2) D:10            Elf (0/3) Orc:2        Vaults (0/5) D:13
 Depths (0/4) D:15

Altars:
Ashenzari
Cheibriados
Elyvilon
Hepliaklqana
Kikubaaqudgha
Okawaru
Ru
Sif Muna
Uskayaw
Vehumet
Xom
Zin
The Shining One
Jiyva

Shops:
D:11 =   Orc:1 [?   Orc:2 [(([

Portals:
Trove: D:11 (give 13 potions of heal wounds)


Innate Abilities, Weirdness & Mutations

You have very sharp teeth.
Your uncanny sense of smell can sniff out nearby items.
Your experience applies equally to all skills.
You have a pair of small horns on your head.
You are partially covered in iridescent scales. (AC +2)


Message History

Your toxic aura wanes.
The water nymph casts a spell at you. The water rises up and strikes you!
The water nymph casts a spell at you. The water rises up and strikes you!
Casting: Iron Shot (dangerous; 11% risk of failure)
Confirm with . or Enter, or press ? or * to list all spells.
Aiming: Iron Shot (dangerous; 11% risk of failure)
Press: ? - help, Shift-Dir - straight line, f/p - wind drake
Aim: a wind drake (heavily wounded, repelling missiles, very poisoned, catching its breath, 25% to hit)
The iron shot hits the wind drake!!
The wind drake is almost dead.
The water nymph points at you and mumbles some strange words.
The water rises up and strikes you! The wind drake flaps its wings at you.
The air twists around and strikes you!!
The merfolk aquamancer casts a spell at you.
The ball of steam hits you.
* * * LOW HITPOINT WARNING * * *
The merfolk aquamancer gestures wildly while chanting.
The merfolk aquamancer blinks!
The wind drake is engulfed in a cloud of scalding steam.
The wind drake dies!
The water nymph flows with the water.
The water nymph flows with the water.
The merfolk aquamancer is engulfed in a cloud of scalding steam.
The merfolk aquamancer gestures wildly while chanting.
The merfolk aquamancer blinks!
You see here a +0 spear.
You block the water nymph's attack.
The water nymph points at you and mumbles some strange words.
The water rises up and strikes you!!
* * * LOW HITPOINT WARNING * * *
Items here: ))) †.
You feel yourself speed up.
The water nymph looks more healthy.
The merfolk aquamancer completely misses you.
The water nymph touches you!
* * * LOW HITPOINT WARNING * * *
The water nymph drowns you!
You die...

~~~~~~~~≈≈~~~~..
~~.~~~~~~~~~~...
~.~.~~~~~~~~..#
~....~~~~~~..#
~...~~~~~~...#
~...~~~~.....#
~..~..~†<~~..#
).......~~~.)#
........@m~.#.... ..
.###.###mm)###.~. ~~~
####....†...~.. ~~..
#...§~~~..~~.~~
~...######~§.~~§...~~~..
.......##~..§E§.~.~~≈~~
#..§~~......~~.~~≈≈≈
#..cc###....~~~~~~~~
#####.)c~§...§.#####~~~~


You could see a merfolk aquamancer (poisoned), a faun, a water elemental and 2
water nymphs.

Vanquished Creatures
  Jorgrun (D:14)
  An ironbound preserver (D:13)
  A dire elephant (Lair:5)
  Snorg (D:12)
  A fire dragon (Lair:4)
  Fannar (D:11)
  2 boulder beetles (D:13)
  13 hydras
  An ogre mage (D:15)
  A catoblepas (Lair:5)
  9 centaur warriors
  7 two-headed ogres
  Erica (Orc:1)
  15 death yaks
  Urug (D:10)
  A sea snake (Shoals:1)
  A lindwurm (Lair:5)
  4 deep elf pyromancers
  2 deep elf zephyrmancers (D:15)
  A necromancer (D:15)
  2 orc knights (Orc:2)
  3 oklob plants
  9 orc sorcerers
  7 ugly things
  4 manticores
  3 fauns (Shoals:1)
  6 cyclopes
  A salamander (shapeshifter) (D:13)
  The ghost of wormed the Destroyer, a novice DsCj (D:5)
  A centaur zombie (D:15)
  10 elephants
  3 black mambas
  A merfolk siren (Shoals:1)
  4 torpor snails
  2 centaur skeletons (D:15)
  A gargoyle (D:13)
  10 rime drakes
  An unseen horror (D:13)
  7 cane toads
  A kobold demonologist (D:12)
  2 freezing wraiths
  6 komodo dragons
  A merfolk (Shoals:1)
  6 hornets
  5 trolls
  A meliai (D:8)
  Grinder (D:6)
  2 polar bears
  28 slime creatures
  A meliai zombie (D:15)
  3 snapping turtles
  8 dream sheep (Lair:5)
  Sigmund (D:6)
  3 shadows (D:10)
  4 water elementals
  A vampire (D:12)
  4 wraiths
  31 yaks
  A wyvern (D:10)
  4 basilisks
  14 steam dragons
  2 wargs (Orc:1)
  11 vampire mosquitoes
  3 acid dragons
  13 water moccasins
  A swamp drake (D:10)
  30 orc warriors
  2 sky beasts
  9 ogres
  3 boggarts (D:14)
  22 centaurs
  2 phantoms
  2 kobold brigands (D:8)
  9 bullfrogs
  A necrophage (D:5)
  4 scorpions
  4 gnoll sergeants
  10 wights
  2 killer bees
  8 howler monkeys
  7 electric eels
  7 hounds
  A gnoll bouda (D:7)
  6 orc priests
  2 jellies
  An iguana (D:4)
  Terence (D:2)
  A boggart zombie (D:15)
  17 orc wizards
  8 hell rats (Lair:5)
  8 adders
  7 gnolls
  8 river rats (Lair:5)
  2 shadow imps (D:6)
  2 white imps (D:6)
  An ufetubus (D:5)
  2 worms
  3 dart slugs
  66 orcs
  8 bats
  8 endoplasms
  A giant cockroach (D:1)
  3 goblins
  4 hobgoblins
  3 jackals (D:1)
  4 quokkas
  5 ball pythons
  2 frilled lizards
  5 kobolds
  7 rats
607 creatures vanquished.

Vanquished Creatures (others)
  2 rime drakes (Lair:4)
  A wind drake (Shoals:1)
  A sky beast (D:8)
  A human (D:7)
  A centaur (D:15)
  A bullfrog (D:8)
  35 foxfires
  16 fungi
  51 plants
109 creatures vanquished.

Grand Total: 716 creatures vanquished

Notes
Turn   | Place    | Note
-------+----------+-------------------------------------------
     0 | D:1      | Reached skill level 10 in Dodging
     0 | D:1      | wormed the Gnoll Wanderer began the quest for the Orb.
     0 | D:1      | wormed set off with the following items: a +0 mace, a +2
                  | leather armour, a potion of curing, a scroll of
                  | teleportation.
     0 | D:1      | Reached XP level 1. HP: 13/13 MP: 4/4
   183 | D:1      | Reached XP level 2. HP: 14/19 MP: 5/5
   834 | D:2      | Reached XP level 3. HP: 21/25 MP: 7/7
  1248 | D:2      | Noticed Terence
  1258 | D:2      | Killed Terence
  1259 | D:2      | Reached skill level 1 in Fighting
  1259 | D:2      | Reached skill level 1 in Short Blades
  1259 | D:2      | Reached skill level 1 in Long Blades
  1259 | D:2      | Reached skill level 1 in Axes
  1259 | D:2      | Reached skill level 1 in Polearms
  1259 | D:2      | Reached skill level 1 in Staves
  1259 | D:2      | Reached skill level 1 in Ranged Weapons
  1259 | D:2      | Reached skill level 1 in Throwing
  1259 | D:2      | Reached skill level 1 in Armour
  1259 | D:2      | Reached skill level 1 in Stealth
  1259 | D:2      | Reached skill level 1 in Shields
  1259 | D:2      | Reached skill level 1 in Unarmed Combat
  1259 | D:2      | Reached XP level 4. HP: 19/32 MP: 8/8
  1625 | D:2      | Reached skill level 1 in Conjurations
  1625 | D:2      | Reached skill level 1 in Hexes
  1625 | D:2      | Reached skill level 1 in Summonings
  1625 | D:2      | Reached skill level 1 in Necromancy
  1625 | D:2      | Reached skill level 1 in Translocations
  1625 | D:2      | Reached skill level 1 in Transmutations
  1625 | D:2      | Reached skill level 1 in Fire Magic
  1625 | D:2      | Reached skill level 1 in Ice Magic
  1625 | D:2      | Reached skill level 1 in Air Magic
  1625 | D:2      | Reached skill level 1 in Earth Magic
  1625 | D:2      | Reached skill level 1 in Poison Magic
  2157 | D:3      | Found a radiant altar of Vehumet.
  2173 | D:3      | Became a worshipper of Vehumet
  2286 | D:3      | Found a hide-covered altar of Uskayaw.
  2759 | D:3      | Identified the +10 flail "Cezir" {flame, rElec rCorr Str+6}
  3104 | D:4      | Reached XP level 5. HP: 37/37 MP: 9/9
  3352 | D:4      | Reached XP level 6. HP: 8/44 MP: 9/11
  3650 | D:4      | Reached skill level 5 in Maces & Flails
  4264 | D:5      | Entered Level 5 of the Dungeon
  4283 | D:5      | Noticed a yak
  4283 | D:5      | Noticed a yak
  4285 | D:5      | Noticed a yak
  4287 | D:5      | Learned a level 2 spell: Wereblood
  4452 | D:5      | Reached XP level 7. HP: 17/51 MP: 10/12
  4652 | D:5      | Found a runed translucent door.
  4652 | D:5      | Noticed wormed's ghost (novice DsCj)
  5053 | D:5      | Reached * piety under Vehumet
  5053 | D:5      | Offered knowledge of Shock by Vehumet.
  5054 | D:5      | Reached XP level 8. HP: 58/58 MP: 14/14
  5496 | D:5      | Found a shimmering blue altar of Sif Muna.
  5559 | D:5      | Found a glowing golden altar of the Shining One.
  5786 | D:5      | Killed wormed's ghost
  5787 | D:5      | Reached skill level 11 in Dodging
  6096 | D:6      | Reached skill level 5 in Invocations
  6405 | D:6      | Noticed Grinder
  6501 | D:6      | Noticed Sigmund
  6642 | D:5      | Killed a yak
  6643 | D:5      | Reached XP level 9. HP: 65/65 MP: 16/16
  6645 | D:5      | Reached skill level 5 in Spellcasting
  6648 | D:5      | Reached skill level 5 in Evocations
  6914 | D:6      | Found a sacrificial altar of Ru.
  6941 | D:6      | Found a staircase to the Ecumenical Temple.
  7191 | D:6      | Killed Sigmund
  7414 | D:6      | Killed Grinder
  8248 | D:7      | Found an iron altar of Okawaru.
  8248 | D:7      | Found a hazy altar of Hepliaklqana.
  8257 | D:7      | Reached ** piety under Vehumet
  8257 | D:7      | Offered knowledge of Foxfire by Vehumet.
  8294 | D:7      | Learned a level 1 spell: Foxfire
  8581 | D:7      | Found an ancient bone altar of Kikubaaqudgha.
  8592 | D:7      | Reached skill level 5 in Fighting
  8592 | D:7      | Reached skill level 5 in Short Blades
  8592 | D:7      | Reached skill level 5 in Long Blades
  8592 | D:7      | Reached skill level 5 in Axes
  8592 | D:7      | Reached skill level 5 in Polearms
  8592 | D:7      | Reached skill level 5 in Staves
  8592 | D:7      | Reached skill level 5 in Ranged Weapons
  8592 | D:7      | Reached skill level 5 in Throwing
  8592 | D:7      | Reached skill level 5 in Armour
  8592 | D:7      | Reached skill level 5 in Stealth
  8592 | D:7      | Reached skill level 5 in Shields
  8592 | D:7      | Reached skill level 5 in Unarmed Combat
  8592 | D:7      | Reached XP level 10. HP: 74/74 MP: 18/18
  9058 | D:8      | Found a staircase to the Lair.
  9798 | D:8      | Noticed a cyclops
  9817 | D:8      | Paralysed by a hornet for 2 turns
 10130 | D:8      | Killed a cyclops
 10258 | D:8      | Noticed a manticore
 10401 | D:8      | Killed a manticore
 10568 | D:8      | Learned a level 2 spell: Poisonous Vapours
 10573 | D:8      | Learned a level 4 spell: Olgreb's Toxic Radiance
 10578 | D:8      | Learned a level 3 spell: Inner Flame
 10595 | D:8      | Noticed a five-headed hydra
 10711 | D:8      | Reached skill level 12 in Dodging
 10843 | D:8      | Noticed an eight-headed hydra
 10844 | D:8      | Killed a five-headed hydra
 10845 | D:8      | Reached skill level 5 in Conjurations
 10845 | D:8      | Reached skill level 5 in Hexes
 10845 | D:8      | Reached skill level 5 in Summonings
 10845 | D:8      | Reached skill level 5 in Necromancy
 10845 | D:8      | Reached skill level 5 in Translocations
 10845 | D:8      | Reached skill level 5 in Transmutations
 10845 | D:8      | Reached skill level 5 in Fire Magic
 10845 | D:8      | Reached skill level 5 in Ice Magic
 10845 | D:8      | Reached skill level 5 in Air Magic
 10845 | D:8      | Reached skill level 5 in Earth Magic
 10845 | D:8      | Reached skill level 5 in Poison Magic
 10845 | D:8      | Reached XP level 11. HP: 37/81 MP: 21/21
 10846 | D:8      | Noticed a deep elf pyromancer
 10849 | D:8      | Killed an eight-headed hydra
 10850 | D:8      | Killed a deep elf pyromancer
 10850 | D:8      | Offered knowledge of Conjure Flame by Vehumet.
 10852 | D:8      | Noticed a centaur warrior
 10858 | D:8      | Killed a centaur warrior
 11199 | D:8      | Noticed a cyclops
 11199 | D:8      | Noticed a centaur warrior
 11214 | D:8      | Killed a centaur warrior
 11214 | D:8      | Reached *** piety under Vehumet
 11381 | D:8      | Killed a cyclops
 11668 | D:9      | Offered knowledge of Ignite Poison by Vehumet.
 11770 | D:9      | Identified the +0 hat "Xiesch" {Str+7}
 11965 | D:9      | Found a white marble altar of Elyvilon.
 12167 | D:10     | Entered Level 10 of the Dungeon
 12333 | D:10     | Noticed a two-headed ogre
 12333 | D:10     | Killed a two-headed ogre
 12340 | D:10     | Found a shimmering altar of Xom.
 12340 | D:10     | Noticed a six-headed hydra
 12349 | D:10     | Killed a six-headed hydra
 12354 | D:10     | Reached XP level 12. HP: 63/91 MP: 23/23
 12359 | D:10     | Reached **** piety under Vehumet
 12491 | D:10     | Noticed Urug
 12511 | D:10     | Killed Urug
 12889 | D:10     | Offered knowledge of Flame Wave by Vehumet.
 12930 | D:10     | Found a staircase to the Orcish Mines.
 13097 | D:11     | Noticed Fannar
 13308 | D:11     | Killed Fannar
 13397 | D:11     | Found Vediw's Jewellery Boutique.
 13402 | D:11     | Bought a +4 ring of protection for 432 gold pieces
 13590 | D:11     | Noticed a two-headed ogre
 13612 | D:11     | Killed a two-headed ogre
 13745 | D:11     | Found a portal to a secret trove of treasure.
 13947 | D:11     | Noticed a two-headed ogre
 13958 | D:11     | Killed a two-headed ogre
 14335 | Lair:1   | Entered Level 1 of the Lair of Beasts
 15489 | Lair:2   | Noticed a seven-headed hydra
 15498 | Lair:2   | Killed a seven-headed hydra
 15616 | Lair:2   | Found a snail-covered altar of Cheibriados.
 15870 | Lair:2   | Reached ***** piety under Vehumet
 15870 | Lair:2   | Offered knowledge of Irradiate by Vehumet.
 15875 | Lair:2   | Reached skill level 13 in Dodging
 15886 | Lair:2   | Learned a level 5 spell: Irradiate
 16305 | Lair:3   | Noticed a six-headed hydra
 16318 | Lair:3   | Killed a six-headed hydra
 16370 | Lair:3   | Reached XP level 13. HP: 98/98 MP: 17/25
 16532 | Lair:3   | Identified the +1 plate armour of Kleptomania {-Tele Int+9
                  | SInv}
 16654 | Lair:3   | Found a hole to the Spider Nest.
 16997 | Lair:3   | Found a staircase to the Shoals.
 17286 | Lair:4   | Noticed a fire dragon
 17874 | Lair:4   | Killed a fire dragon
 17997 | Lair:4   | Reached skill level 10 in Invocations
 18094 | Lair:4   | Reached skill level 10 in Maces & Flails
 18255 | Lair:4   | Found a viscous altar of Jiyva.
 18618 | Lair:4   | Found a staircase to the Slime Pits.
 18689 | Lair:5   | Entered Level 5 of the Lair of Beasts
 18705 | Lair:5   | Reached XP level 14. HP: 98/108 MP: 20/27
 18724 | Lair:5   | Found a white marble altar of Elyvilon.
 18831 | Lair:5   | HP: 1/108 [death yak (18)]
 19294 | Lair:5   | Offered knowledge of Airstrike by Vehumet.
 19300 | Lair:5   | Learned a level 4 spell: Airstrike
 19433 | Lair:5   | Noticed a dire elephant
 19447 | Lair:5   | Killed a dire elephant
 19448 | Lair:5   | Reached skill level 10 in Spellcasting
 19584 | Lair:5   | Reached skill level 10 in Evocations
 19915 | Lair:5   | Reached skill level 14 in Dodging
 20362 | Orc:1    | Entered Level 1 of the Orcish Mines
 20480 | Orc:1    | Found Tuifreirr's Magic Scroll Shop.
 20484 | Orc:1    | Noticed Erica
 20504 | Orc:1    | Killed Erica
 20559 | Orc:1    | Bought a scroll of identify for 28 gold pieces
 20682 | Orc:1    | Found Haomam's Antique Armour Boutique.
 20690 | Orc:1    | Bought a glowing cloak for 225 gold pieces
 20841 | Orc:2    | Entered Level 2 of the Orcish Mines
 20929 | Orc:2    | Found a staircase to the Elven Halls.
 21151 | Orc:2    | Reached skill level 10 in Fighting
 21151 | Orc:2    | Reached skill level 10 in Short Blades
 21151 | Orc:2    | Reached skill level 10 in Long Blades
 21151 | Orc:2    | Reached skill level 10 in Axes
 21151 | Orc:2    | Reached skill level 10 in Polearms
 21151 | Orc:2    | Reached skill level 10 in Staves
 21151 | Orc:2    | Reached skill level 10 in Ranged Weapons
 21151 | Orc:2    | Reached skill level 10 in Throwing
 21151 | Orc:2    | Reached skill level 10 in Armour
 21151 | Orc:2    | Reached skill level 10 in Stealth
 21151 | Orc:2    | Reached skill level 10 in Shields
 21151 | Orc:2    | Reached skill level 10 in Unarmed Combat
 21260 | Orc:2    | Offered knowledge of Lee's Rapid Deconstruction by Vehumet.
 21267 | Orc:2    | Learned a level 5 spell: Lee's Rapid Deconstruction
 21370 | Orc:2    | Found Meextik's Weapon Emporium.
 21370 | Orc:2    | Found Werghimek's Antique Weapon Boutique.
 21372 | Orc:2    | Found Ofiah's Armour Shop.
 21374 | Orc:2    | Found Huseown's Armour Shoppe.
 21682 | D:11     | Reached XP level 15. HP: 42/115 MP: 18/29
 22198 | D:12     | Noticed Snorg
 22209 | D:12     | Killed Snorg
 23242 | D:13     | Offered knowledge of Iron Shot by Vehumet.
 23275 | D:13     | Found the +4 robe of Folly {Brilliance Will-∞ Int+8}
 23276 | D:13     | Gained mutation: You are frail. (-10% HP) [mutagenic glow]
 23337 | D:13     | Lost mutation: You are frail. (-10% HP) [potion of
                  | mutation]
 23337 | D:13     | Gained mutation: You have a pair of small horns on your
                  | head. [potion of mutation]
 23337 | D:13     | Gained mutation: You are partially covered in iridescent
                  | scales. (AC +2) [potion of mutation]
 23739 | D:13     | Found a gate to the Vaults.
 23962 | D:14     | Found a broken altar of Ashenzari.
 24796 | D:15     | Entered Level 15 of the Dungeon
 24973 | D:15     | Paralysed by an ogre mage for 2 turns
 25516 | D:15     | Reached XP level 16. HP: 121/123 MP: 7/31
 25600 | D:15     | Noticed Jorgrun
 25862 | D:14     | Killed Jorgrun
 26010 | D:15     | Found a staircase to the Depths.
 26058 | D:15     | Found a glowing silver altar of Zin.
 26197 | D:15     | Learned a level 6 spell: Iron Shot
 26555 | Shoals:1 | Entered Level 1 of the Shoals
 27089 | Shoals:1 | HP: 2/125 [water nymph (8)]
 27089 | Shoals:1 | Drowned by a water nymph

Illustrated notes

Levels and vault maps discovered:
D:1:      dpeg_arrival_more_subterranean_lakeside_camping, layout_basic,
          minmay_misc_feat_tiny
D:2:      layout_loops_ring, st_stairs_6, uniq_terence
D:3:      layout_basic, lemuel_doored_altar, eat_drink_and_be_merry_uskayaw
D:4:      layout_loops_corners
D:5:      layout_basic, tso_altar, led_sif_pool, hellmonk_ghost_happy_afterlife,
          kennysheep_dice
D:6:      layout_layer_cave, nicolae_ru_awakened_eye,
          minmay_temple_entry_butterflies, uniq_grinder, uniq_sigmund
D:7:      layout_basic, chequers_temple_overflow_statue_of_worship,
          tgw_kikubaaqudgha
D:8:      nzn_winding_woodlands_large [nzn_winding_woodlands_5x5_cross,
          nzn_winding_woodlands_5x15_cabin, nzn_winding_woodlands_5x5_three,
          nzn_winding_woodlands_center_garden,
          nzn_winding_woodlands_15x15_eel_pit,
          nzn_winding_woodlands_center_lodge, nzn_winding_woodlands_hourglass,
          nzn_winding_woodlands_5x15_pathside_ponds,
          nzn_winding_woodlands_5x5_open_star], layout_rooms, erik_lair_dragon,
          serial_co_window_serial, co_window_of_opportunity_a,
          co_window_corner_a, co_window_paths_a, co_window_corner_a,
          co_window_corner_a, co_window_corner_b, co_window_unsneaky_path_d,
          co_window_corner_cb, co_window_corner_b, glass_columns_a,
          glass_columns_a, kennysheep_generic_room_14
D:9:      layout_rooms, general_overflow_altar
D:10:     layout_loops_ring, xom_confusion_cloud, erik_orc_1, serial_glass,
          glass_columns_b, glass_columns_c, uniq_urug
D:11:     layout_basic, nicolae_trove_entry_diagonal, serial_shops, shop,
          uniq_fannar
D:12:     layout_rooms, minmay_mirror_moons_of_madness, uniq_snorg
D:13:     layout_stronghold, skrybe_vaults_entry_preservation, serial_bayou,
          serial_bayou_pond_a, serial_bayou_shore_b, serial_bayou_lagoon_b,
          serial_bayou_pond_c
D:14:     layout_gridville, cheibrodos_ashenzari_chains
D:15:     grunt_enter_depths_magical_seal, layout_rooms, minivault_11,
          zin_scriptorium, uniq_jorgrun
Lair:1:   layout_layer_cave
Lair:2:   layout_roguey, kennysheep_snail_temple, serial_bayou_shore_a
Lair:3:   layout_small_grid, minmay_shoals_entry_hut,
          spider_nest_entry_web_field
Lair:4:   layout_misc_corridors, minmay_slime_entry_oklob_enclosed,
          bobbens_dragon_lair_wall, lemuel_fruit_tree
Lair:5:   hangedman_lair_in_review, layout_misc_corridors, basic_altar,
          minmay_lair_oklob_items, kennysheep_rathole
Shoals:1: layout_shoals, ebering_ghost_inner_flame, nicolae_shoals_water_shrine
Orc:1:    layout_diamond_mine, serial_shops, shop, shop, uniq_erica
Orc:2:    st_orc_rangers, layout_caves

Skill      XL: |  1  2  3  4  5  6  7  8  9 10 11 12 13 14 15 16 |
---------------+-------------------------------------------------+-----
Dodging        | 11 12 13 14 | 14.9
Fighting       | 1 2 3 4 5 6 7 8 9 10 11 | 11.1
Short Blades   | 1 2 3 4 5 6 7 8 9 10 11 | 11.1
Long Blades    | 1 2 3 4 5 6 7 8 9 10 11 | 11.1
Axes           | 1 2 3 4 5 6 7 8 9 10 11 | 11.1
Polearms       | 1 2 3 4 5 6 7 8 9 10 11 | 11.1
Staves         | 1 2 3 4 5 6 7 8 9 10 11 | 11.1
Ranged Weapons | 1 2 3 4 5 6 7 8 9 10 11 | 11.1
Throwing       | 1 2 3 4 5 6 7 8 9 10 11 | 11.1
Armour         | 1 2 3 4 5 6 7 8 9 10 11 | 11.1
Stealth        | 1 2 3 4 5 6 7 8 9 10 11 | 11.1
Shields        | 1 2 3 4 5 6 7 8 9 10 11 | 11.1
Unarmed Combat | 1 2 3 4 5 6 7 8 9 10 11 | 11.1
Spellcasting   | 3 4 5 6 7 8 9 10 11 | 11.4
Conjurations   | 1 2 3 4 5 6 7 8 9 |  9.3
Hexes          | 1 2 3 4 5 6 7 8 9 |  9.3
Summonings     | 1 2 3 4 5 6 7 8 9 |  9.3
Necromancy     | 1 2 3 4 5 6 7 8 9 |  9.3
Translocations | 1 2 3 4 5 6 7 8 9 |  9.3
Transmutations | 1 2 3 4 5 6 7 8 9 |  9.3
Fire Magic     | 1 2 3 4 5 6 7 8 9 |  9.3
Ice Magic      | 1 2 3 4 5 6 7 8 9 |  9.3
Air Magic      | 1 2 3 4 5 6 7 8 9 |  9.3
Earth Magic    | 1 2 3 4 5 6 7 8 9 |  9.3
Poison Magic   | 1 2 3 4 5 6 7 8 9 |  9.3
Invocations    | 3 4 5 6 7 8 9 10 11 12 | 12.3
Evocations     | 3 4 5 6 7 8 9 10 11 | 11.4
Maces & Flails | 5 6 7 8 9 10 11 12 | 12.0

Action                   |  1- 3 |  4- 6 |  7- 9 | 10-12 | 13-15 | 16-18 || total
-------------------------+-------+-------+-------+-------+-------+-------++-------
Melee: War axe           |    80 |    51 |       |       |       |       ||   131
       Mace              |     2 |       |       |       |       |       ||     2
       Bite              |     8 |    13 |    12 |    50 |   107 |    13 ||   203
       Falchion          |       |    18 |       |       |       |       ||    18
       Flail             |       |    55 |   168 |   362 |   671 |    71 ||  1327
       Staff             |       |       |       |    19 |       |       ||    19
       Headbutt          |       |       |       |       |    25 |    19 ||    44
Throw: Dart              |       |       |     1 |    21 |     1 |       ||    23
 Cast: Wereblood         |       |     3 |     2 |    12 |    36 |     1 ||    54
       Foxfire           |       |       |     1 |    15 |     6 |     1 ||    23
       Poisonous Vapours |       |       |       |    49 |    95 |     9 ||   153
       Olgreb's Toxic Ra |       |       |       |    19 |    63 |    16 ||    98
       Irradiate         |       |       |       |       |    21 |     4 ||    25
       Airstrike         |       |       |       |       |    94 |     8 ||   102
       Lee's Rapid Decon |       |       |       |       |    40 |     6 ||    46
       Iron Shot         |       |       |       |       |       |     4 ||     4
Evoke: Wand              |       |       |       |    24 |     4 |       ||    28
  Use: Scroll            |       |       |       |    16 |    12 |     6 ||    34
       Potion            |       |       |       |     4 |     4 |     2 ||    10
 Stab: Sleeping          |     2 |     2 |     4 |    10 |     6 |     1 ||    25
Armor: Leather armour    |    23 |    21 |    22 |    31 |       |       ||    97
       Scale mail        |       |       |     5 |       |       |       ||     5
       Steam dragon scal |       |       |       |    19 |       |       ||    19
       Troll leather arm |       |       |       |    50 |   224 |    33 ||   307
Dodge: Dodged            |    87 |    86 |    73 |   307 |   583 |    94 ||  1230
Block: Buckler           |       |     9 |    35 |   109 |   258 |    39 ||   450
